Map: Incorporeal LE

Players

SpeCial

  • Race: Terran Terran
  • League: Grandmaster
  • Spawn Location: 5:00

A.I. 1 (Very Easy) - Winner!

  • Race: Protoss Protoss
  • Spawn Location: 11:00

VOD

Have the link to the VOD?

Description

Time

  • Played on: Oct. 26, 2025, 1:38 p.m.
  • Length: 9:45
Show
View Real Time Build Order
Export as new Build Order

SpeCial Terran 

Build Orders:  

Get SALT Encoding   

  12  0:00  SCV  
  13  0:12  SCV  
  14  0:17  Supply Depot  
  14  0:24  SCV  
  15  0:39  SCV, Barracks  
  16  0:43  Refinery  
  16  0:51  SCV  
  16  0:52  Refinery  
  17  1:03  SCV  
  18  1:15  SCV  
  19  1:27  Supply Depot, Reaper, Orbital Command  
  20  1:42  Factory  
  20  1:53  SCV  
  21  1:59  Reaper  
  22  2:05  SCV  
  23  2:16  Command Center  
  23  2:18  SCV  
  24  2:26  Hellion  
  26  2:31  SCV, Barracks Reactor  
  27  2:39  Starport  
  27  2:43  SCV  
  28  2:46  Supply Depot  
  28  2:49  Factory Tech Lab  
  28  2:55  SCV  
  29  3:07  SCV  
  29  3:08  Marine x2  
  32  3:19  SCV  
  33  3:22  Raven  
  33  3:25  Marine  
  33  3:26  Marine  
  37  3:28  Orbital Command  
  37  3:30  Factory Tech Lab  
  37  3:31  SCV  
  38  3:43  SCV, Marine x2  
  38  3:45  Barracks  
  41  3:52  Siege Tank  
  41  3:54  SCV  
  46  3:55  SCV  
  46  4:01  Marine x2  
  46  4:02  Barracks  
  48  4:05  Supply Depot  
  48  4:07  SCV  
  48  4:09  SCV  
  50  4:19  SCV, Marine x2  
  50  4:21  SCV  
  50  4:22  Bunker  
  54  4:31  SCV  
  55  4:33  Engineering Bay, Refinery, SCV  
  55  4:37  Marine x2  
  58  4:41  Supply Depot  
  58  4:43  SCV  
  58  4:45  SCV  
  60  4:47  Starport Reactor  
  60  4:49  Marine x2  
  60  4:50  Stimpack  
  60  4:51  Combat Shield  
  62  4:59  Terran Infantry Weapons Level 1  
  62  5:03  SCV x2  
  62  5:05  Supply Depot, Marine  
  62  5:06  Marine  
  66  5:09  Marauder  
  66  5:11  Marauder  
  70  5:16  Refinery  
  70  5:20  Supply Depot, Factory Reactor  
  70  5:26  SCV x2, Marine x2  
  70  5:27  Medivac  
  76  5:29  Medivac  
  78  5:37  Supply Depot  
  78  5:41  Marauder, SCV  
  78  5:42  Marauder  
  83  5:43  Supply Depot  
  83  5:46  SCV, Marine x2  
  86  6:02  SCV x2  
  86  6:03  Marauder x2  
  92  6:04  Marine x2  
  92  6:07  Medivac x2  
  98  6:11  Supply Depot  
  98  6:22  Command Center  
  100  6:26  Marauder x2  
  100  6:27  Concussive Shells  
  102  6:33  Marine x2  
  102  6:36  Barracks  
  102  6:39  Barracks  
  104  6:44  SCV x2  
  106  6:54  Marine x2  
  106  6:55  Marauder  
  110  7:02  Supply Depot  
  110  7:04  Supply Depot  
  110  7:11  Viking x2, Widow Mine x2  
  118  7:17  Terran Infantry Armor Level 1  
  118  7:24  Marauder, SCV x2, Barracks Tech Lab  
  118  7:25  Supply Depot, Barracks Reactor  
  124  7:30  Marauder, Marine x2  
  124  7:34  Widow Mine  
  124  7:35  Widow Mine  
  124  7:36  SCV x2  
  133  7:38  Orbital Command  
  132  7:44  Viking x2  
  132  7:48  SCV x2  
  132  7:50  Marine x2  
  132  7:51  Marauder x2  
  144  7:56  Supply Depot  
  144  7:59  Marauder  
  144  8:00  SCV x2  
  144  8:05  Ghost Academy  
  148  8:08  Marine x2  
  148  8:11  SCV  
  152  8:12  SCV x2  
  152  8:13  Marine x2  
  155  8:20  Supply Depot  
  155  8:21  Marauder  
  155  8:22  Marauder x2  
  155  8:23  SCV, Viking  
  155  8:25  Marine  
  165  8:28  Supply Depot  
  165  8:29  Supply Depot  
  165  8:39  Refinery  
  165  8:40  Refinery  
  165  8:41  SCV x2, Marine x3, Viking  
  165  8:42  SCV  
  173  8:52  Supply Depot  
  173  8:54  SCV  
  180  8:55  SCV  
  180  8:56  SCV  
  180  9:00  Command Center  
  182  9:04  Marine x2  
  182  9:05  Marine x2  
  182  9:08  Supply Depot x2  
  186  9:18  Unknown x3  
  186  9:20  Marauder  
  186  9:21  Barracks  
  186  9:22  Marine x3, Barracks  
  186  9:23  Marine  
  186  9:24  Marauder  
  194  9:25  Barracks  
  196  9:37  Engineering Bay  
  196  9:38  Armory  
Show
View Real Time Build Order
Export as new Build Order

A.I. 1 (Very Easy) Protoss - Winner!

Build Orders:  

Get SALT Encoding   

  12  0:00  Probe  
  13  0:13  Probe  
  14  0:19  Pylon  
  14  0:36  Assimilator  
  14  0:42  Gateway  
  14  0:45  Pylon  
  14  1:14  Assimilator  
  14  1:16  Probe  
  14  1:24  Probe  
  15  1:32  Probe, Cybernetics Core  
  17  1:43  Probe  
  18  1:55  Probe  
  18  1:58  Warp Gate  
  19  2:03  Probe  
  19  2:07  Stalker  
  22  5:34  Zealot  
  24  5:36  Probe  
  24  5:37  Pylon  
  24  5:39  Robotics Facility  
  25  5:44  Probe  
  26  5:52  Probe  
  27  6:02  Probe  
  27  6:09  Pylon  
  26  6:12  Probe  
  27  6:26  Observer  
  27  6:29  Zealot  
  30  6:43  Observer  
  31  6:59  Nexus  
  31  7:24  Stalker  
  33  8:11  Probe  
  34  8:19  Probe  
  34  8:23  Probe, Assimilator  
  34  8:26  Assimilator  
  35  8:30  Probe  
  37  8:42  Probe  
  38  8:49  Probe  
  39  8:56  Probe  
  40  9:03  Probe  
  41  9:11  Probe  
  41  9:14  Probe  
  42  9:23  Probe  
  44  9:31  Probe  
Tags
 
Build Order
Delthus
Matchup
PvT
Player
SpeCial
Spawn Locations
Cross Positions
Add a new tag
Caveats
  • Supply blocks, unpowered buildings, or Contaminate may cause inaccurate times.
  • Supply counts are checked every 10 seconds.